 Dungeon Crawl Stone Soup version 0.28.0 (webtiles) character file.

Game seed: 8446002251987065024

8930 mortz the Destroyer (level 11, -3/81 HPs)
             Began as a Red Draconian Conjurer on Feb 17, 2022.
             Was a Follower of Vehumet.
             Slain by a meliai zombie (8 damage)
             ... on level 10 of the Dungeon on Feb 18, 2022.
             The game lasted 02:35:57 (15960 turns).

mortz the Destroyer (Red Draconian Conjurer)       Turns: 15960, Time: 02:35:59

Health: -3/81      AC: 10    Str: 11    XL:     11   Next: 16%
Magic:  2/24       EV: 12    Int: 22    God:    Vehumet [*.....]
Gold:   276        SH:  3    Dex:  9    Spells: 15/29 levels left

rFire   + . .      SeeInvis .   O - staff of conjuration
rCold   + . .      Faith    .   u - +0 buckler
rNeg    . . .      Spirit   .   (armour unavailable)
rPois   .          Reflect  .   (helmet restricted)
rElec   .          Harm     .   C - +0 cloak
rCorr   +          Rampage  .   D - +0 pair of gloves
Will    .....                   y - +0 pair of boots
Stlth   +++.......              (no amulet)
HPRegen 0.23/turn               L - ring of resist corrosion
MPRegen 0.19/turn               A - ring of protection from cold

@: no status effects
A: breathe fire, AC +7, unfitting armour, fire resistance 1, cold-blooded
a: Breathe Fire, Renounce Religion


You were on level 10 of the Dungeon.
You worshipped Vehumet.
Vehumet was aware of your devotion.
You visited 2 branches of the dungeon, and saw 11 of its levels.

You collected 397 gold pieces.
You spent 121 gold pieces at shops.

Inventory:

Hand Weapons
 c - a +3 dagger of protection
 t - a +0 dagger of venom
 w - a +0 trident
 N - a +1 long sword of holy wrath
Armour
 u - a +0 buckler (worn)
 y - a +0 pair of boots (worn)
 C - a +0 cloak (worn)
 D - a +0 pair of gloves (worn)
Magical Staves
 O - a staff of conjuration (weapon)
Jewellery
 a - a ring of positive energy
 d - a ring of willpower
 A - a ring of protection from cold (right hand)
 H - an amulet of guardian spirit
 L - a ring of resist corrosion (left hand)
Wands
 k - a wand of mindburst (3)
 m - a wand of iceblast (1)
 s - a wand of digging (7)
 I - a wand of polymorph (8)
Scrolls
 b - 2 scrolls of amnesia
 e - 2 scrolls of enchant weapon
 f - a scroll of summoning {unknown}
 i - a scroll of torment {unknown}
 l - a scroll of enchant armour {unknown}
 p - a scroll of holy word {unknown}
 x - a scroll of fear {unknown}
 M - a scroll of silence {unknown}
Potions
 g - 3 potions of flight
 h - 4 potions of mutation
 j - a potion of lignification {unknown}
 n - a potion of brilliance {unknown}
 o - 3 potions of curing
 q - a potion of degeneration {unknown}
 z - a potion of berserk rage {unknown}
 B - 2 potions of heal wounds {unknown}
 G - a potion of invisibility {unknown}


   Skills:
 + Level 2.7 Fighting
 + Level 1.8 Short Blades
 + Level 4.4 Dodging
 + Level 5.7 Stealth
 + Level 1.6 Shields
 + Level 9.8 Spellcasting
 + Level 11.1 Conjurations
 + Level 3.3 Air Magic
 + Level 2.6 Poison Magic
 + Level 0.3 Evocations


You had 15 spell levels left.
You knew the following spells:

 Your Spells              Type           Power      Damage    Failure   Level
a - Magic Dart            Conj           100%       1d8       1%          1
b - Searing Ray           Conj           100%       2d8       1%          2
c - Mephitic Cloud        Conj/Pois/Air  52%        N/A       2%          3
d - Fulminant Prism       Conj/Hex       26%        3d14      9%          4
e - Iskenderun's Mystic   Conj/Tloc      52%        2d11      9%          4

Your spell library contained the following spells:

 Spells                   Type           Power      Damage    Failure   Level
 Foxfire                  Conj/Fire      100%       2x1d9     1%          1
 Dazzling Flash           Conj/Hex       100%       N/A       2%          3
 Beastly Appendage        Tmut           20%        N/A       9%          1
 Wereblood                Tmut           10%        N/A       12%         2
 Spider Form              Tmut/Pois      16%        N/A       14%         3
 Ignite Poison            Fire/Tmut/Pois 14%        N/A       17%         3
 Freezing Cloud           Conj/Ice/Air   24%        6-21      30%         5


Dungeon Overview and Level Annotations

Branches:
Dungeon (10/15)            Temple (1/1) D:7            Lair (0/6) D:10
    Orc: D:9-12

Altars:
Ashenzari
Cheibriados
Dithmenos
Elyvilon
Fedhas
Gozag
Hepliaklqana
Kikubaaqudgha
Makhleb
Nemelex Xobeh
Okawaru
Qazlal
Ru
Sif Muna
Trog
Uskayaw
Vehumet
Wu Jian
Xom
Yredelemnul
Zin
The Shining One

Shops:
D:5 [

Annotations:
D:2 Sigmund
D:4 1 runed translucent door, yahweh's ghost, amateur MiAK
D:6 Maggie
D:8 3 runed translucent doors
D:10 Gastronok


Innate Abilities, Weirdness & Mutations

You can breathe blasts of fire.
Your fiery red scales are hard. (AC +7)
You cannot fit into any form of body armour.
Your flesh is heat resistant. (rF+)
You are cold-blooded and may be slowed by cold attacks.


Message History

Confirm with . or Enter, or press ? or * to list all spells.
You feel a surge of power!
You erupt in a blast of force!
The mystic blast hits the meliai zombie!
The meliai zombie is heavily damaged.
The meliai zombie is knocked back by the mystic blast.
You block the meliai zombie's attack.
The meliai zombie hits you but does no damage.
The meliai zombie closely misses you. The meliai zombie hits you.
* * * LOW HITPOINT WARNING * * *
Casting: Iskenderun's Mystic Blast (dangerous; 9% risk of failure)
Confirm with . or Enter, or press ? or * to list all spells.
Aiming: Searing Ray (safe; 1% risk of failure)
Press: ? - help, Shift-Dir - straight line, f - meliai zombie
Aim: a meliai zombie (heavily damaged, 85% to hit)
You feel a surge of power!
The searing ray hits the meliai zombie!
The meliai zombie is heavily damaged.
The searing ray hits the orc priest.
The orc priest is moderately wounded. (Press . to maintain the ray.)
The meliai zombie hits you.
* * * LOW HITPOINT WARNING * * *
The meliai zombie hits you but does no damage.
The meliai zombie barely misses you.
The meliai zombie hits you but does no damage.
You block the meliai zombie's attack. The meliai zombie barely misses you.
The orc priest invokes the aid of Beogh against you.
Beogh smites you!
* * * LOW HITPOINT WARNING * * *
The meliai zombie hits you but does no damage.
The meliai zombie misses you.
Gastronok casts a spell.
The meliai zombie closely misses you. The meliai zombie hits you.
* * * LOW HITPOINT WARNING * * *
The meliai zombie hits you but does no damage.
The meliai zombie closely misses you.
An orc comes into view. It is wielding a +0 club.
The orc shouts!
The meliai zombie closely misses you. The meliai zombie barely misses you.
The meliai zombie hits you!
You die...

#.........# #........
#.........# ##.......
#........<# #.......
#.........# #.....##
#.........# #.....#
##........# #.....#
#......o.########.....#
###...................#
#....@..............##
#....Z..###########...
#####...# ..#... #o..#
..#... ########...#
..#...
#..........########'#####
#.....................#
#.....................# .
#...............Y.....#..


You could see an orc priest, an orc and a meliai zombie.

Vanquished Creatures
  A tengu warrior (D:9)
  A two-headed ogre (D:9)
  Pikel (D:7)
  A deep elf pyromancer (D:9)
  A manticore (D:9)
  A cyclops (D:9)
  Maurice (D:10)
  A gargoyle (D:7)
  A kobold demonologist (D:9)
  Grinder (D:4)
  A meliai (D:9)
  3 yaks (D:10)
  A steam dragon (D:9)
  2 wargs (D:10)
  An acid dragon (D:10)
  A water moccasin (D:9)
  2 sky beasts
  4 orc warriors
  3 ice beasts
  4 ogres
  3 centaurs
  2 lemures
  A phantom (D:5)
  3 kobold brigands
  4 bullfrogs
  A gnoll sergeant (D:9)
  A wyvern zombie (D:5)
  A scorpion (D:7)
  5 killer bees (D:9)
  3 howler monkeys (D:9)
  2 bullfrog zombies (D:6)
  A centaur zombie (D:6)
  2 hounds
  A bullfrog skeleton (D:5)
  A gnoll shaman (D:7)
  A jelly (D:6)
  8 orc priests
  2 centaur skeletons
  Natasha (thrice) (D:2)
  Terence (D:2)
  Ijyb (D:3)
  An iguana (D:6)
  13 orc wizards
  A killer bee zombie (D:8)
  2 howler monkey zombies
  Robin (D:4)
  14 gnolls
  10 adders
  A white imp (D:5)
  An ufetubus (D:4)
  2 worms
  4 dart slugs
  25 orcs
  10 endoplasms
  4 giant cockroaches
  14 goblins
  11 hobgoblins
  4 jackals (D:4)
  13 kobolds
  5 quokkas
  11 ball pythons
  3 bats
  2 frilled lizards
  5 rats
  A spectral hobgoblin (D:6)
237 creatures vanquished.

Notes
Turn   | Place    | Note
-------+----------+-------------------------------------------
     0 | D:1      | mortz the Draconian Conjurer began the quest for the Orb.
     0 | D:1      | Reached XP level 1. HP: 14/14 MP: 3/3
   228 | D:1      | Reached XP level 2. HP: 20/20 MP: 3/5
   700 | D:1      | Learned a level 2 spell: Searing Ray
   845 | D:2      | Noticed Natasha
   849 | D:2      | Noticed a crimson imp
   857 | D:1      | Reached XP level 3. HP: 13/26 MP: 1/6
  1020 | D:2      | Killed Natasha
  1021 | D:2      | Reached skill level 5 in Conjurations
  1204 | D:2      | Noticed Natasha
  1218 | D:2      | Killed Natasha
  1219 | D:2      | Reached XP level 4. HP: 19/33 MP: 1/7
  1242 | D:2      | Noticed Natasha
  1254 | D:2      | Noticed Terence
  1288 | D:2      | Killed Terence
  1774 | D:2      | Reached XP level 5. HP: 38/38 MP: 5/9
  1922 | D:2      | Killed Natasha
  1992 | D:2      | Found a faded altar of an unknown god.
  2173 | D:2      | Noticed Sigmund
  2913 | D:3      | Reached skill level 6 in Conjurations
  2917 | D:3      | Reached XP level 6. HP: 38/46 MP: 1/11
  3341 | D:3      | Noticed Ijyb
  3552 | D:3      | Killed Ijyb
  3553 | D:3      | Reached skill level 1 in Short Blades
  4073 | D:3      | Found a glowing silver altar of Zin.
  4073 | D:3      | Found a stormy altar of Qazlal.
  4090 | D:3      | Found a faded altar of an unknown god.
  4092 | D:3      | Found a hide-covered altar of Uskayaw.
  4093 | D:3      | Found an ancient bone altar of Kikubaaqudgha.
  4865 | D:4      | Found a runed translucent door.
  4865 | D:4      | Noticed yahweh's ghost (amateur MiAK)
  5022 | D:4      | Noticed Grinder
  5022 | D:4      | Paralysed by Grinder for 7 turns
  5036 | D:4      | Killed Grinder
  5037 | D:4      | Reached skill level 1 in Fighting
  5037 | D:4      | Your scales start taking on a fiery red colour.
  5037 | D:4      | Reached XP level 7. HP: 38/52 MP: 3/13
  5037 | D:4      | Gained mutation: Your flesh is heat resistant. (rF+) [Red
                  | Draconian growth]
  5160 | D:4      | Noticed Robin
  5544 | D:4      | Killed Robin
  5624 | D:5      | Entered Level 5 of the Dungeon
  5879 | D:5      | Reached skill level 5 in Spellcasting
  6305 | D:5      | Reached XP level 8. HP: 59/59 MP: 3/16
  6655 | D:5      | Reached skill level 7 in Conjurations
  6870 | D:5      | Found Buete's Antique Armour Emporium.
  6877 | D:5      | Bought a pair of boots for 121 gold pieces
  8001 | D:6      | Learned a level 3 spell: Mephitic Cloud
  8062 | D:6      | Noticed Maggie
  8587 | D:6      | Found a hazy altar of Hepliaklqana.
  9063 | D:7      | Reached XP level 9. HP: 62/67 MP: 8/19
  9138 | D:6      | Reached skill level 8 in Conjurations
  9413 | D:7      | Noticed Pikel
  9581 | D:7      | Killed Pikel
  9582 | D:7      | Reached skill level 5 in Stealth
  9802 | D:7      | Found a staircase to the Ecumenical Temple.
  9845 | Temple   | Entered the Ecumenical Temple
  9910 | Temple   | Became a worshipper of Vehumet
 10286 | D:7      | Reached skill level 1 in Shields
 10429 | D:7      | Noticed a gargoyle
 10601 | D:7      | Killed a gargoyle
 10820 | D:7      | Maggie above
 10964 | D:8      | Reached skill level 9 in Conjurations
 11521 | D:8      | Noticed a tengu warrior
 11521 | D:8      | Noticed a manticore
 11523 | D:8      | Noticed a centaur warrior
 11523 | D:8      | Noticed an eight-headed hydra
 11524 | D:8      | Noticed a troll
 11525 | D:8      | Noticed a purple ugly thing
 11525 | D:8      | Noticed a manticore
 11528 | D:8      | Noticed a yaktaur
 11529 | D:8      | Noticed a centaur warrior
 11563 | D:8      | vault
 11766 | D:8      | Reached skill level 1 in Air Magic
 11800 | D:8      | Found a runed translucent gate.
 11801 | D:8      | Found a runed translucent gate.
 11801 | D:8      | Found a runed translucent gate.
 11808 | D:8      | Noticed a purple ugly thing
 11809 | D:8      | Noticed a red ugly thing
 11810 | D:8      | Noticed a white ugly thing
 11812 | D:8      | Noticed a red ugly thing
 11812 | D:8      | Noticed a cyan ugly thing
 11945 | D:8      | Noticed a salamander
 12138 | D:9      | Reached XP level 10. HP: 73/74 MP: 10/22
 12144 | D:9      | Reached skill level 1 in Poison Magic
 12400 | D:9      | Found a white marble altar of Elyvilon.
 12586 | D:9      | Noticed a two-headed ogre
 12588 | D:9      | Noticed a boulder beetle
 13021 | D:9      | Killed a two-headed ogre
 13022 | D:9      | Reached skill level 10 in Conjurations
 13099 | D:9      | Found a sacrificial altar of Ru.
 13191 | D:9      | Noticed a manticore
 13202 | D:9      | Killed a manticore
 13272 | D:9      | Noticed a cyclops
 13274 | D:9      | Noticed a deep elf pyromancer
 13500 | D:9      | Killed a deep elf pyromancer
 13793 | D:9      | Killed a cyclops
 14033 | D:9      | Noticed a gargoyle
 14298 | D:9      | Noticed a tengu warrior
 14311 | D:9      | Identified the +3 spear "Zoxyfom" {venom, rElec Dex+3}
 14504 | D:9      | Noticed a soul eater
 14735 | D:9      | Noticed a four-headed hydra
 14889 | D:9      | Killed a tengu warrior
 15079 | D:10     | Entered Level 10 of the Dungeon
 15281 | D:10     | Reached XP level 11. HP: 59/81 MP: 4/24
 15334 | D:10     | Noticed a two-headed ogre
 15427 | D:10     | Noticed Maurice
 15463 | D:10     | Found a staircase to the Lair.
 15477 | D:10     | Killed Maurice
 15478 | D:10     | Reached skill level 11 in Conjurations
 15820 | D:10     | Identified the +2 tower shield "Ishru" {rPois rC++ Int+2
                  | Dex-2}
 15875 | D:10     | Learned a level 4 spell: Fulminant Prism
 15880 | D:10     | Learned a level 4 spell: Iskenderun's Mystic Blast
 15885 | D:10     | Noticed Gastronok
 15901 | D:10     | Reached * piety under Vehumet
 15901 | D:10     | Offered knowledge of Foxfire by Vehumet.
 15956 | D:10     | HP: 4/81 [meliai zombie (2)]
 15960 | D:10     | Slain by a meliai zombie

Illustrated notes ### ############.## #.............######## #..#########.@.......# #..#########.#######.# #............#######.# #..########.......##.# #..# ##.####.#..######### #..# #.# #.............. #..# #.###............## ####<.### #.....##.#.......## ........# ########.#.......#. Turn 10820 on D:7: Maggie above

#### ..... ...>.
.....###########
................
...........######
###########...........
#.............@....(##
#...##########.####.#
#...#D...$.Ty#.# .
#...#.$.$.$.$#.#
#...#$D=.(?..#.#
#...#.$$|}?.$#.# ##
#...#Hc!|:.$.#.#####...
#...#c$D(.(.$#.#...#.#
#...#$.$.$.cc#.......#


Turn 11563 on D:8: vault

Levels and vault maps discovered:
D:1:      dpeg_arrival_stone_temple_mockup, layout_rooms
D:2:      layout_basic, nicolae_ecumenical_snake_handling, minmay_pentomino_r2,
          uniq_terence, uniq_natasha, uniq_sigmund
D:3:      layout_loops_ring, chequers_temple_overflow_minitemple, uniq_ijyb
D:4:      layout_loops_cross, gammafunk_ghost_grave, uniq_robin, uniq_grinder
D:5:      layout_loops_corners, serial_shops, shop_statue
D:6:      layout_gridville, nicolae_hepliaklqana_monster_ancestors,
          nrook_campfire, uniq_maggie
D:7:      layout_loops_ring, temple_doors_e, uniq_pikel
D:8:      layout_rooms, ploomutoo_gammafunk_ghost_potion_laboratory,
          minivault_12
D:9:      minmay_the_grid_triangle_9x9_rhombus_thin_mashed
          [minmay_the_grid_triangle_9x9_flanged_cone,
          minmay_the_grid_triangle_9x9_prize_schism,
          minmay_the_grid_triangle_9x9_swiss_cheese,
          minmay_the_grid_triangle_9x9_semitri], layout_gridville,
          elyvilon_altar_3, nicolae_ru_sacrificial_ziggurat
D:10:     minmay_tri_box, layout_irregular_city, erik_lair_orcish_takeover,
          due_unseen_surprise, uniq_maurice, uniq_gastronok
Temple:   regret_index_temple_generic_petals

Skill      XL: |  1  2  3  4  5  6  7  8  9 10 11 |
---------------+----------------------------------+-----
Conjurations   | 5 6 7 9 10 11 | 11.1
Stealth        | 2 3 4 5 |  5.7
Dodging        | 2 3 4 |  4.4
Spellcasting   | 3 4 5 6 8 9 |  9.8
Short Blades   | 1 |  1.8
Fighting       | 1 2 |  2.7
Shields        | 1 |  1.6
Air Magic      | 1 2 3 |  3.3
Poison Magic   | 2 |  2.6
Evocations     | |  0.3

Action                   |  1- 3 |  4- 6 |  7- 9 | 10-12 || total
-------------------------+-------+-------+-------+-------++-------
Melee: Unarmed           |     4 |       |       |       ||     4
       Tailslap          |     2 |     3 |       |       ||     5
       Dagger            |    14 |    12 |     1 |       ||    27
       Whip              |     1 |       |       |       ||     1
       Staff             |       |       |       |     5 ||     5
 Cast: Magic Dart        |    50 |    99 |   108 |    57 ||   314
       Searing Ray       |     3 |    22 |    98 |    66 ||   189
       Mephitic Cloud    |       |       |    10 |    29 ||    39
       Iskenderun's Myst |       |       |       |     1 ||     1
Evoke: Wand              |       |     1 |       |     2 ||     3
  Use: Scroll            |       |     1 |     1 |     7 ||     9
       Potion            |       |       |       |     1 ||     1
 Stab: Confused          |       |       |       |     1 ||     1
Armor: Skin              |     8 |    14 |    32 |    32 ||    86
Dodge: Dodged            |    21 |    35 |    68 |    58 ||   182
Block: Buckler           |       |       |    13 |    16 ||    29
